 Dungeon Crawl Stone Soup version 0.20.0-6-gd3061e9 (webtiles) character file.

9737 graki42 the Thaumaturge (level 11, -5/57 HPs)
             Began as a Deep Elf Fire Elementalist on May 25, 2017.
             Was an Elder of Vehumet.
             Slain by IjonTichy1's ghost (19 damage)
             ... on level 11 of the Dungeon on May 29, 2017.
             The game lasted 01:14:23 (12359 turns).

graki42 the Thaumaturge (DEFE)                     Turns: 12359, Time: 01:14:24

Health: -5/57      AC:  5    Str: 10    XL:     11   Next: 27%
Magic:  27/30      EV: 15    Int: 21    God:    Vehumet [****..]
Gold:   703        SH:  0    Dex: 15    Spells: 12/36 levels left

rFire    . . .     SeeInvis .   t - staff of wizardry
rCold    + . .     Gourm    .   (no shield)
rNeg     . . .     Faith    .   A - +1 robe {rC+}
rPois    .         Spirit   .   y - +1 helmet
rElec    .         Reflect  .   (no cloak)
rCorr    .         Harm     .   (no gloves)
MR       ++...                  (no boots)
Stlth    +++.......             n - amulet of magic regeneration
Regen    1.2/turn               w - ring of protection from magic
MPRegen  0.4/turn               I - +2 ring of strength

@: regenerating
A: no striking features
a: Renounce Religion


You were on level 11 of the Dungeon.
You worshipped Vehumet.
Vehumet was greatly pleased with you.
You were near starving.

You visited 3 branches of the dungeon, and saw 13 of its levels.
You also visited: Ossuary.

You collected 703 gold pieces.

Inventory:

Armour
 y - a +1 helmet (worn)
 A - a +1 robe of cold resistance (worn)
Magical Staves
 t - an uncursed staff of wizardry (weapon)
Jewellery
 n - an amulet of magic regeneration (around neck)
 s - an uncursed amulet of guardian spirit
 w - a ring of protection from magic (left hand)
 I - a +2 ring of strength (right hand)
Wands
 b - a wand of digging (23/24)
 g - a wand of iceblast (11/15)
 B - a wand of flame (29/48)
 D - a wand of acid (12/15)
 H - a wand of enslavement (5/24)
Scrolls
 e - 2 scrolls of enchant armour
 f - 6 scrolls of remove curse
 j - 2 scrolls of fog
 k - 2 scrolls of amnesia
 m - 6 scrolls of identify
 p - 2 scrolls of teleportation
 q - 2 scrolls of recharging
 v - 4 scrolls of immolation
Potions
 d - 4 potions of curing
 h - 3 potions of brilliance
 i - 5 potions of lignification
 l - 12 potions of degeneration
 z - 2 potions of might
 C - a potion of ambrosia
 E - 2 potions of flight
 G - 2 potions of mutation {unknown}
Books
 r - a book of Necromancy

   Spells                             Type                      Level
   a - Pain                           Necromancy                   1
   b - Animate Skeleton               Necromancy                   1
   c - Vampiric Draining              Necromancy                   3
   d - Regeneration                   Charms/Necromancy            3
   e - Animate Dead                   Necromancy                   4
   f - Control Undead                 Necromancy                   4
Comestibles
 c - 7 bread rations
 o - 5 fruits
 u - 3 royal jellies
 x - 5 meat rations


   Skills:
 + Level 2.1 Fighting
   Level 1.1 Long Blades
 + Level 0.8 Staves
 + Level 5.2 Dodging
 + Level 5.7 Stealth
 + Level 0.2 Unarmed Combat
 + Level 13.1 Spellcasting
 + Level 9.0 Conjurations
 + Level 2.1 Hexes
 + Level 1.3 Charms
 + Level 6.3 Necromancy
 + Level 9.5 Fire Magic


You had 12 spell levels left.
You knew the following spells:

 Your Spells              Type           Power        Failure   Level  Hunger
a - Flame Tongue          Conj/Fire      #####        1%          1    None
b - Conjure Flame         Conj/Fire      ######..     1%          3    None
c - Inner Flame           Hex/Fire       #####...     1%          3    None
d - Sticky Flame          Conj/Fire      ######..     1%          4    None
e - Fireball              Conj/Fire      ######....   1%          5    ####...
f - Regeneration          Chrm/Necr      ####......   1%          3    None
g - Animate Dead          Necr           N/A          1%          4    None
h - Magic Dart            Conj           ####         1%          1    None


Dungeon Overview and Level Annotations

Branches:
Dungeon (11/15)            Temple (1/1) D:5            Lair (1/6) D:8
    Orc (0/2) D:10

Altars:
Ashenzari
Cheibriados
Dithmenos
Fedhas
Hepliaklqana
Kikubaaqudgha
Makhleb
Nemelex Xobeh
Okawaru
Ru
Sif Muna
Trog
Vehumet
Xom
Yredelemnul
Zin
The Shining One

Shops:
D:8 !

Annotations:
D:3 1 transporter
D:6 exclusion: oklob plant
D:11 IjonTichy1's ghost, journeyman BaIE


Message History

IjonTichy1's ghost points at you and mumbles some strange words.
The shard of ice hits you! You partially resist.
IjonTichy1's ghost screams, "You must not succeed where I failed!"
IjonTichy1's ghost hits you! IjonTichy1's ghost misses you.
IjonTichy1's ghost gestures at you while chanting.
You are frozen.
IjonTichy1's ghost hits you!
You are electrocuted!
* * * LOW HITPOINT WARNING * * *
You feel better.
You feel less invigorated. IjonTichy1's ghost barely misses you.
Casting: Fireball
Confirm with . or Enter, or press ? or * to list all spells.
Okay, then.
Casting: Fireball
Confirm with . or Enter, or press ? or * to list all spells.
Your skin crawls.
IjonTichy1's ghost hits you!
* * * LOW HITPOINT WARNING * * *
You are electrocuted!
You die...

####.# #.# #.#
.#############.#
...............#
######.########
#.# #.# #@# #W#
## #####
#.#.#.#++#.#.##
#.)......(....#
#.........%.%%#
#..%P......P..#
#....%T.[.....#
#.....#.####..#
#####.#.. .##


You could see IjonTichy1's ghost.

Vanquished Creatures
  A cyclops (D:9)
  A spiny frog (Lair:1)
  2 trolls
  2 hippogriffs
  A vampire (D:10)
  A wyvern (D:8)
  A basilisk (D:8)
  A hungry ghost (D:8)
  A steam dragon (D:8)
  The ghost of cereshysteria the Tormented, an amateur DsNe of Kikubaaqudgha (D:4)
  A water moccasin (D:8)
  2 black bears
  A hornet zombie (D:10)
  5 orc warriors
  2 ice beasts
  7 ogres
  A sky beast (D:10)
  7 centaurs
  2 crocodiles
  3 big kobolds
  An elf zombie (D:8)
  4 bullfrogs
  Blork the orc (D:5)
  An elf skeleton (D:8)
  15 killer bees
  6 howler monkeys
  A wight (D:8)
  3 crimson imps
  2 centaur zombies (Ossuary)
  2 bullfrog skeletons
  A centaur skeleton (D:5)
  2 hounds
  22 orc wizards
  11 orc priests
  10 jellies
  A human zombie (Ossuary)
  Ijyb (D:5)
  2 human skeletons (D:8)
  5 iguanas
  8 worker ants
  A big kobold zombie (Ossuary)
  2 hound zombies
  5 mummies (Ossuary)
  A howler monkey skeleton (D:4)
  11 adders
  4 shadow imps
  8 oozes (D:6)
  2 adder skeletons
  A worm (D:4)
  14 dart slugs
  8 leopard geckos
  51 orcs
  3 giant cockroaches
  A gnoll zombie (Ossuary)
  11 goblins
  10 hobgoblins
  21 jackals
  5 quokkas
  8 bats
  5 frilled lizards
  2 goblin zombies (Ossuary)
  A jackal skeleton (D:8)
  17 kobolds
  A leopard gecko zombie (D:5)
  2 orc skeletons (D:8)
  An orc zombie (Ossuary)
  10 rats
  2 fungi (D:6)
350 creatures vanquished.

Vanquished Creatures (collateral kills)
  A two-headed ogre (D:8)
  The ghost of tv1990 the Skirmisher, a novice FoEn of Yredelemnul (D:7)
  A komodo dragon (D:8)
  A swamp drake (D:10)
  A crocodile (D:8)
  2 killer bees (D:8)
  3 wights (D:8)
  A quasit (D:10)
  An orc wizard (D:7)
  4 orcs (D:10)
  A jackal (D:3)
  A quokka (D:3)
18 creatures vanquished.

Vanquished Creatures (others)
  3 fungi (D:6)
3 creatures vanquished.

Grand Total: 371 creatures vanquished

Notes
Turn   | Place    | Note
-------+----------+-------------------------------------------
     0 | D:1      | graki42 the Deep Elf Fire Elementalist began the quest for the Orb.
     0 | D:1      | Reached XP level 1. HP: 10/10 MP: 6/6
   328 | D:1      | Reached XP level 2. HP: 10/15 MP: 0/8
  1309 | D:2      | Reached XP level 3. HP: 15/19 MP: 6/9
  1622 | D:3      | Learned a level 3 spell: Conjure Flame
  1626 | D:3      | Learned a level 3 spell: Inner Flame
  1832 | D:3      | Noticed a bullfrog
  1841 | D:3      | Killed a bullfrog
  1841 | D:3      | Reached skill level 4 in Spellcasting
  1841 | D:3      | Reached XP level 4. HP: 24/24 MP: 1/12
  1903 | D:3      | Learned a level 1 spell: Animate Skeleton
  1963 | D:3      | Reached XP level 5. HP: 26/28 MP: 7/13
  2432 | D:3      | Found an ancient bone altar of Kikubaaqudgha.
  2540 | D:3      | Learned a level 4 spell: Sticky Flame
  2783 | D:3      | Reached skill level 5 in Spellcasting
  2811 | D:3      | Reached skill level 5 in Fire Magic
  3002 | D:3      | Upgraded the game from 0.20-b1-24-gb21faa7 to 0.20.0-6-gd3061e9
  3053 | D:4      | Reached XP level 6. HP: 30/33 MP: 12/16
  3099 | D:4      | Reached skill level 1 in Necromancy
  3215 | D:4      | Found a shimmering altar of Xom.
  3259 | D:4      | Reached skill level 6 in Spellcasting
  3312 | D:4      | Learned a level 5 spell: Fireball
  3500 | D:4      | Noticed cereshysteria's ghost (amateur DsNe)
  3515 | D:4      | Killed cereshysteria's ghost
  3515 | D:4      | Reached XP level 7. HP: 37/37 MP: 10/18
  3976 | D:4      | Found a bloodstained altar of Trog.
  4137 | D:5      | Entered Level 5 of the Dungeon
  4142 | D:5      | Reached skill level 7 in Spellcasting
  4703 | D:5      | Noticed Ijyb
  4709 | D:5      | Killed Ijyb
  4843 | D:5      | Reached XP level 8. HP: 19/42 MP: 13/21
  5044 | D:5      | Noticed Blork the orc
  5056 | D:5      | Reached skill level 1 in Fighting
  5056 | D:5      | Reached skill level 8 in Spellcasting
  5059 | D:5      | Killed Blork the orc
  5159 | D:5      | Found a staircase to the Ecumenical Temple.
  5168 | Temple   | Entered the Ecumenical Temple
  5235 | Temple   | Became a worshipper of Vehumet
  5513 | D:5      | Reached skill level 5 in Conjurations
  5714 | D:6      | Reached skill level 1 in Hexes
  5888 | D:6      | Noticed an oklob plant
  5910 | D:6      | Reached skill level 9 in Spellcasting
  5910 | D:6      | Reached * piety under Vehumet
  5910 | D:6      | Offered knowledge of Magic Dart by Vehumet.
  5991 | D:6      | Learned a level 3 spell: Regeneration
  5996 | D:6      | Learned a level 4 spell: Animate Dead
  6526 | D:6      | Found a snail-covered altar of Cheibriados.
  6539 | D:6      | Learned a level 1 spell: Magic Dart
  6887 | D:7      | Reached XP level 9. HP: 47/47 MP: 21/24
  7075 | D:7      | Noticed tv1990's ghost (novice FoEn)
  7104 | D:7      | Killed tv1990's ghost
  7104 | D:7      | Reached skill level 5 in Stealth
  7484 | D:7      | Reached skill level 10 in Spellcasting
  7546 | D:7      | Found a deep blue altar of Sif Muna.
  7770 | D:7      | Offered knowledge of Sandblast by Vehumet.
  7771 | D:7      | Reached ** piety under Vehumet
  8065 | D:8      | Noticed a two-headed ogre
  8218 | D:8      | Killed a two-headed ogre
  8218 | D:8      | Reached skill level 11 in Spellcasting
  8248 | D:8      | Reached XP level 10. HP: 45/52 MP: 1/27
  8298 | D:8      | Found a sand-covered staircase.
  8313 | Ossuary  | Entered an ossuary
  8435 | Ossuary  | Offered knowledge of Static Discharge by Vehumet.
  8707 | D:8      | Reached *** piety under Vehumet
  8774 | D:8      | Reached skill level 1 in Long Blades
  8970 | D:8      | Reached skill level 5 in Necromancy
  8979 | D:8      | Reached skill level 1 in Charms
  9059 | D:8      | Found a staircase to the Lair.
  9534 | D:8      | Offered knowledge of Mephitic Cloud by Vehumet.
  9653 | D:8      | Found Zourrayl's Distillery.
  9673 | D:8      | Reached skill level 12 in Spellcasting
 10015 | D:9      | Noticed a cyclops
 10473 | D:9      | Killed a cyclops
 10737 | D:10     | Entered Level 10 of the Dungeon
 10984 | Lair:1   | Entered Level 1 of the Lair of Beasts
 10984 | Lair:1   | Noticed a spiny frog
 10989 | Lair:1   | Killed a spiny frog
 10990 | Lair:1   | Noticed a spiny frog
 11167 | D:9      | Reached XP level 11. HP: 47/57 MP: 23/29
 11229 | D:10     | Reached **** piety under Vehumet
 11483 | D:10     | Offered knowledge of Irradiate by Vehumet.
 11484 | D:10     | Reached skill level 5 in Dodging
 11712 | D:10     | Reached skill level 13 in Spellcasting
 11781 | D:10     | Found a staircase to the Orcish Mines.
 11996 | D:11     | Noticed IjonTichy1's ghost (journeyman BaIE)
 12359 | D:11     | Slain by IjonTichy1's ghost

Skill      XL: |  1  2  3  4  5  6  7  8  9 10 11 |
---------------+----------------------------------+-----
Fire Magic     | 4 5 7 8 9 |  9.5
Spellcasting   | 4 5 6 7 9 11 12 13 | 13.1
Conjurations   | 2 3 4 5 7 8 9 |  9.0
Stealth        | 3 4 5 |  5.7
Necromancy     | 1 2 4 6 |  6.3
Dodging        | 3 4 5 |  5.2
Fighting       | 1 2 |  2.1
Hexes          | 1 2 |  2.1
Long Blades    | 1 |  1.1
Charms         | 1 |  1.3
Staves         | |  0.8
Unarmed Combat | |  0.2

Action                   |  1- 3 |  4- 6 |  7- 9 | 10-12 || total
-------------------------+-------+-------+-------+-------++-------
Melee: Unarmed           |       |     5 |       |       ||     5
       Staff             |       |       |    39 |     1 ||    40
       Scimitar          |       |       |       |     7 ||     7
       Punch             |       |       |       |     1 ||     1
 Cast: Flame Tongue      |    76 |   106 |   210 |   165 ||   557
       Conjure Flame     |     1 |     4 |     6 |     9 ||    20
       Animate Skeleton  |       |    20 |    10 |       ||    30
       Sticky Flame      |       |     4 |    21 |    41 ||    66
       Inner Flame       |       |     2 |     7 |     5 ||    14
       Fireball          |       |       |    18 |    54 ||    72
       Magic Dart        |       |       |    12 |     4 ||    16
       Animate Dead      |       |       |     5 |     9 ||    14
       Regeneration      |       |       |     3 |     4 ||     7
Evoke: Wand              |       |     1 |     1 |       ||     2
  Use: Potion            |       |     4 |     4 |     6 ||    14
       Scroll            |       |       |    12 |    22 ||    34
 Stab: Distracted        |       |       |     4 |     1 ||     5
       Sleeping          |       |       |       |     2 ||     2
  Eat: Chunk             |     3 |     5 |    17 |    14 ||    39
       Fruit             |       |       |     2 |     3 ||     5
       Royal jelly       |       |       |       |     2 ||     2
Armor: Robe              |     4 |     4 |    20 |    23 ||    51
       Skin              |       |     4 |    15 |       ||    19
Dodge: Dodged            |    17 |    22 |    92 |   114 ||   245
       Rpst.: Scimitar   |       |       |       |    12 ||    12
